 Dungeon Crawl Stone Soup version 0.30-a0-50-gb2d611f6b1 (webtiles) character file.

Game seed: 3545757873389514919

363 Destapler the Vexing (level 6, 0/46 HPs)
             Began as a Barachi Arcane Marksman on Sept 3, 2022.
             Was a Believer of Qazlal.
             Succumbed to a scorpion's poison
             ... on level 3 of the Dungeon.
             The game lasted 00:12:01 (4007 turns).

Destapler the Vexing (Barachi Arcane Marksman)      Turns: 4007, Time: 00:12:02

Health: 0/46       AC:  5    Str: 11    XL:     6   Next: 67%
Magic:  9/9        EV: 26    Int: 14    God:    Qazlal [**....]
Gold:   126        SH:  3    Dex: 14    Spells: 8/9 levels left

rFire   . . .      SeeInvis .    b - +0 longbow
rCold   . . .      Faith    .    (shield currently unavailable)
rNeg    . . .      Spirit   .    k - +0 ring mail
rPois   .          Reflect  .    (no helmet)
rElec   .          Harm     .    (no cloak)
rCorr   .          Rampage  .    (no gloves)
Will    .....                    (no boots)
Stlth   +.........               n - amulet of the acrobat
HPRegen 0.15/turn                (no ring)
MPRegen 0.11/turn                (no ring)

@: lethally poisoned (0 -> -3), acrobatic, slow
A: amphibious, slowness 1, strong legs 1, +LOS
a: Hop, Renounce Religion, Upheaval


You were on level 3 of the Dungeon.
You worshipped Qazlal.
Qazlal was pleased with you.
You visited 1 branch of the dungeon, and saw 4 of its levels.

You collected 126 gold pieces.

Inventory:

Hand Weapons
 a - a +1 sling
 b - a +0 longbow (weapon)
 d - a +0 falchion
Armour
 c - a +0 robe
 k - a +0 ring mail (worn)
Jewellery
 i - a ring of resist corrosion
 n - an amulet of the acrobat (around neck)
Wands
 l - a wand of acid (1)
 r - a wand of iceblast (9)
Scrolls
 e - 4 scrolls of identify
 j - a scroll of vulnerability
Potions
 m - a potion of might
 p - a potion of haste


   Skills:
 + Level 2.6 Fighting
 + Level 2.8 Ranged Weapons
 + Level 2.0 Armour
 - Level 3.0 Dodging
 + Level 1.9 Shields
 + Level 2.3 Spellcasting
 - Level 4.0 Hexes
 * Level 2.4 Invocations
 + Level 1.8 Evocations


You had 8 spell levels left.
You knew the following spells:

 Your Spells              Type           Power      Damage    Failure   Level
a - Slow                  Hex            48%        N/A       11%         1

Your spell library contained the following spells:

 Spells                   Type           Power      Damage    Failure   Level
 Inner Flame              Hex/Fire       7%         N/A       56%         3
 Portal Projectile        Hex/Tloc       14%        N/A       56%         3
 Cause Fear               Hex            6%         N/A       71%         4


Dungeon Overview and Level Annotations

Branches:
Dungeon (4/15)
 Temple: D:4-7

Altars:
Qazlal

Shops:
D:2 [

Annotations:
D:4 Blork the orc


Innate Abilities, Weirdness & Mutations

You are amphibious.
You cover ground slowly.
You can hop short distances.
You have an extended range of vision and can be seen from far away.


Message History

The endoplasm misses you.
You open the door. The endoplasm closely misses you.
A worm comes into view.
The scorpion stings you.
* * * LOW HITPOINT WARNING * * *
You are poisoned.
The scorpion poisons you!
The worm moves out of view.
There is an open door here.
* * * LOW HITPOINT WARNING * * *
You feel very sick.
Found a stone staircase leading up.
You feel very sick. You block the scorpion's attack.
Found an escape hatch in the ceiling.
You feel sick. The scorpion attacks as you move away! The scorpion misses you.
You feel sick. The scorpion closely misses you.
You feel sick.
You feel sick. The scorpion misses you.
Found a stone staircase leading down.
You feel sick. The scorpion attacks as you move away!
You block the scorpion's attack.
You feel sick.
You are no longer poisoned.
The scorpion completely misses you. The scorpion attacks as you move away!
The scorpion completely misses you. The endoplasm attacks as you move away!
The endoplasm completely misses you. The scorpion closely misses you.
The scorpion misses you.
There is an escape hatch in the ceiling here.
The scorpion stings you but does no damage.
A mysterious force pulls you upwards. The hatch slams shut behind you.
You block the scorpion's attack. The scorpion stings you.
* * * LOW HITPOINT WARNING * * *
You are lethally poisoned!
The scorpion poisons you!
* * * LOW HITPOINT WARNING * * *
You feel sick.
* * * LOW HITPOINT WARNING * * *
You feel sick. The scorpion barely misses you.
You die...

##.# #.......##.##.# #..#
#######.##.##.# #.## #######
#.......# #.# #.....# ####.####
#.# ##.....## #.# #)#
####.......# ####.# #.#
#..........# #....#
#.###.##.(.○...# #.####
#.........#@.#.# #.#
#.#.#.#.#.##s#.# #.#
#..............# #.#
#.#.#.#.#.##.### #.#
######..>......#...####.#
.......#.#.#.#.#.....##.# ####
####)#.............<.##.# #...
..##.#.#.#.#.#..........######.##
#.##.#...............####......##


You could see a scorpion.

Vanquished Creatures
  An ogre (D:4)
  A kobold brigand (D:3)
  An iguana (D:2)
  A gnoll bouda (D:4)
  7 gnolls (D:4)
  2 adders
  A worm (D:3)
  An orc (D:3)
  4 bats
  7 endoplasms
  A giant cockroach (D:3)
  3 goblins
  4 hobgoblins
  6 jackals (D:3)
  4 quokkas
  4 ball pythons
  2 frilled lizards
  17 kobolds
  3 rats
70 creatures vanquished.

Notes
Turn   | Place    | Note
-------+----------+-------------------------------------------
     0 | D:1      | Destapler the Barachi Arcane Marksman began the quest for
                  | the Orb.
     0 | D:1      | Reached XP level 1. HP: 15/15 MP: 2/2
   235 | D:1      | Reached XP level 2. HP: 21/21 MP: 3/3
   608 | D:1      | Found a faded altar of an unknown god.
   615 | D:1      | Prayed at the altar of an unknown god.
   615 | D:1      | Became a worshipper of Qazlal Stormbringer
   615 | D:1      | Reached * piety under Qazlal
  1409 | D:2      | Reached XP level 3. HP: 27/27 MP: 5/5
  1431 | D:2      | Found Saggalle's Antique Armour Boutique.
  1903 | D:2      | Reached skill level 1 in Invocations
  1903 | D:2      | Reached XP level 4. HP: 2/33 MP: 6/6
  2208 | D:3      | Reached skill level 1 in Shields
  2355 | D:3      | Reached skill level 1 in Armour
  2897 | D:3      | Reached skill level 1 in Evocations
  2960 | D:3      | Reached ** piety under Qazlal
  3139 | D:3      | Noticed a kobold brigand
  3404 | D:3      | Killed a kobold brigand
  3405 | D:3      | Reached XP level 5. HP: 5/38 MP: 6/8
  3844 | D:4      | Noticed an ogre
  3862 | D:4      | Reached XP level 6. HP: 34/45 MP: 9/9
  3863 | D:4      | Reached skill level 4 in Hexes
  3877 | D:4      | Noticed Blork the orc
  4006 | D:3      | HP: 1/46 [poisoned by a scorpion]
  4007 | D:3      | Succumbed to a scorpion's poison

Illustrated notes

Levels and vault maps discovered:
D:1:      elethiomel_arrival_maze, layout_loops_ring,
          dreamdust_ecumenical_altar_hidden_monk_grotto
D:2:      layout_basic, serial_shops, nicolae_shop_waterfront
D:3:      cheibrodos_thug_alley, layout_loops_cross, st_stairs_2
D:4:      nicolae_cairo_tiling_very_big, layout_cave_pools,
          general_overflow_altar, minmay_temple_entry_statues_pillars,
          cheibrodos_sewer_entry_sluice, uniq_blork_the_orc

Skill      XL: |  1  2  3  4  5  6 |
---------------+-------------------+-----
Invocations    | 1 2 |  2.4
Shields        | 1 |  1.9
Fighting       | 2 |  2.6
Armour         | 1 2 |  2.0
Evocations     | 1 |  1.8
Spellcasting   | 2 |  2.3
Dodging        | 3 |  3.0
Hexes          | 4 |  4.0
Ranged Weapons | |  2.8

Action                   |  1- 3 |  4- 6 || total
-------------------------+-------+-------++-------
 Fire: Sling             |    16 |       ||    16
       Longbow           |    57 |   145 ||   202
 Cast: Slow              |     2 |     2 ||     4
 Abil: Hop               |     1 |     3 ||     4
Evoke: Wand              |       |     7 ||     7
  Use: Potion            |     5 |     3 ||     8
       Scroll            |       |     7 ||     7
Armor: Robe              |     5 |       ||     5
       Ring mail         |    14 |    38 ||    52
Dodge: Dodged            |    41 |   102 ||   143
Block: Other             |     3 |    14 ||    17

Table legend: (Time is in decaauts)
 A = Elapsed time spent in this place.
 B = Non-inter-level travel time spent in this place.
 C = Inter-level travel time spent in this place.
 D = Time resting spent in this place.
 E = Time spent auto-exploring this place.
 F = Levels seen in this place.
 G = Mean time per level.
                   A        B        C        D        E       F      G
               +--------+--------+--------+--------+--------+-----+--------+
         Total |   4586 |   4369 |    217 |    926 |   2778 |   4 | 1146.5 |
       Dungeon |   4586 |   4369 |    217 |    926 |   2778 |   4 | 1146.5 |
               +--------+--------+--------+--------+--------+-----+--------+

Top non-repeatable levels by time:
     D:3: 1870 daAuts
     D:2: 1419 daAuts
     D:1: 1119 daAuts
     D:4: 177 daAuts
